General information
- name: BNet
- type: Ladder team game (AT/RT)
- host: Battle.net
- saver: KingCrimson
map: Deadlock
- players: 8
- length: 51:09
- speed: Fast
- version: 1.24 W3XP
- replay type: Public
» download(231 KB)
Players
team 1 (winner)

»
HELPURDEAD (
purple | 42 APM | 2166 actions | 51:02)
3 Death Knight
2 Death Coil
1 Unholy Aura
1 Lich
1 Frost Nova
1 Pandaren Brewmaster
1 Breath of Fire
» actions
| Assign group hotkey | 25 | |
| Basic commands | 132 | |
| Build / train | 43 | |
| Enter build submenu | 23 | |
| Enter hero's abilities submenu | 5 | |
| Right click | 566 | |
| Select / deselect | 392 | |
| Select group hotkey | 936 | |
| Use ability | 43 | |
2166 total
» units
| Acolyte | 2 | |
| Ghoul | 4 | |
| Crypt Fiend | 6 | |
| Frost Wyrm | 2 | |
14 total
» upgrades
| Creature Attack | 3 | |
| Creature Carapace | 1 | |
| Web | 1 | |
| Freezing Breath | 1 | |
6 total
» buildings
| Crypt | 2 | |
| Graveyard | 1 | |
| Altar of Darkness | 1 | |
| Ziggurat | 7 | |
| Tomb of Relics | 1 | |
| Nerubian Tower | 1 | |
| Halls of the Dead | 1 | |
| Black Citadel | 1 | |
| Sacrificial Pit | 1 | |
| Spirit Tower | 2 | |
| Boneyard | 2 | |
20 total
» build order
00:25 Crypt
00:30 Crypt
00:34 Graveyard
00:47 Altar of Darkness
01:01 Ziggurat
01:29 Tomb of Relics
01:33 Ziggurat
02:25 Nerubian Tower
04:54 Halls of the Dead
05:48 Ziggurat
07:04 Ziggurat
07:23 Black Citadel
09:22 Sacrificial Pit
09:25 Spirit Tower
10:40 Boneyard
10:42 Boneyard
12:05 Ziggurat
15:00 Ziggurat
15:59 Ziggurat
19:16 Spirit Tower
» items
| Rod of Necromancy | 1 | |
| Scroll of Regeneration | 2 | |
| Lesser Clarity Potion | 1 | |
| Scroll of Town Portal | 2 | |
| Dust of Appearance | 1 | |
| Orb of Corruption | 1 | |
| Boots of Speed | 1 | |
| Staff of Teleportation | 1 | |
| Potion of Lesser Invulnerability | 1 | |
11 total
Bloodfarter (
blue | 56 APM | 971 actions | 17:13)
3 Death Knight
2 Death Coil
1 Unholy Aura
2 Crypt Lord
1 Impale
1 Spiked Carapace
» actions
| Assign group hotkey | 20 | |
| Basic commands | 141 | |
| Build / train | 45 | |
| ESC pressed | 1 | |
| Enter build submenu | 17 | |
| Enter hero's abilities submenu | 5 | |
| Remove unit from queue | 6 | |
| Right click | 372 | |
| Select / deselect | 191 | |
| Select group hotkey | 133 | |
| Use ability | 40 | |
971 total
» units
| Acolyte | 7 | |
| Ghoul | 3 | |
| Crypt Fiend | 8 | |
| Obsidian Statue | 1 | |
| Abomination | 4 | |
| Meatwagon | 1 | |
24 total
» upgrades
| Creature Attack | 1 | |
| Web | 1 | |
| Disease Cloud | 1 | |
3 total
» buildings
| Graveyard | 1 | |
| Crypt | 1 | |
| Ziggurat | 7 | |
| Altar of Darkness | 1 | |
| Tomb of Relics | 1 | |
| Halls of the Dead | 1 | |
| Slaughterhouse | 1 | |
| Black Citadel | 1 | |
14 total
» build order
00:08 Graveyard
00:12 Crypt
00:29 Ziggurat
00:53 Altar of Darkness
01:59 Tomb of Relics
02:30 Ziggurat
03:45 Halls of the Dead
04:43 Ziggurat
06:32 Ziggurat
07:14 Slaughterhouse
07:42 Black Citadel
09:13 Ziggurat
11:29 Ziggurat
12:06 Ziggurat
» items
| Rod of Necromancy | 1 | |
| Dust of Appearance | 1 | |
| Scroll of Town Portal | 1 | |
3 total
x9O5-AnOn (
pink | 16 APM | 383 actions | 23:39)
3 Death Knight
2 Death Coil
1 Unholy Aura
» actions
| Build / train | 66 | |
| Enter build submenu | 13 | |
| Enter hero's abilities submenu | 3 | |
| Remove unit from queue | 3 | |
| Right click | 93 | |
| Select / deselect | 172 | |
| Use ability | 33 | |
383 total
» units
| Acolyte | 2 | |
| Ghoul | 2 | |
| Crypt Fiend | 11 | |
| Necromancer | 5 | |
| Banshee | 1 | |
| Gargoyle | 27 | |
48 total
» upgrades
| Creature Attack | 3 | |
| Creature Carapace | 3 | |
| Web | 1 | |
7 total
» buildings
| Altar of Darkness | 1 | |
| Ziggurat | 6 | |
| Crypt | 2 | |
| Graveyard | 1 | |
| Halls of the Dead | 1 | |
| Temple of the Damned | 1 | |
| Black Citadel | 3 | |
15 total
» build order
00:13 Altar of Darkness
00:16 Ziggurat
00:38 Crypt
01:25 Ziggurat
01:34 Graveyard
02:12 Crypt
02:36 Ziggurat
02:58 Ziggurat
03:58 Halls of the Dead
05:28 Ziggurat
08:11 Temple of the Damned
08:29 Ziggurat
11:06 Black Citadel
11:06 Black Citadel
idiot.noob. (
red | 50 APM | 2566 actions | 51:09)
9 Mountain King
3 Storm Bolt
2 Bash
1 Avatar
3 Thunder Clap
» actions
| Assign group hotkey | 30 | |
| Basic commands | 1 | |
| Build / train | 110 | |
| Enter build submenu | 27 | |
| Enter hero's abilities submenu | 9 | |
| Give item / drop item | 2 | |
| Right click | 1169 | |
| Select / deselect | 224 | |
| Select group hotkey | 875 | |
| Use ability | 119 | |
2566 total
» units
| Peasant | 22 | |
| Gryphon Rider | 12 | |
| Priest | 14 | |
48 total
» upgrades
| Masonry | 3 | |
| Lumber Harvesting | 1 | |
| Swords | 2 | |
| Armor | 2 | |
| Storm Hammers | 1 | |
| Magic Sentry | 1 | |
| Priest Training | 2 | |
| Sorceress Training | 1 | |
13 total
» buildings
| Altar of Kings | 1 | |
| Farm | 12 | |
| Lumber Mill | 1 | |
| Scout Tower | 34 | |
| Arcane Tower | 2 | |
| Keep | 2 | |
| Blacksmith | 1 | |
| Guard Tower | 21 | |
| Arcane Vault | 1 | |
| Castle | 2 | |
| Gryphon Aviary | 2 | |
| Town Hall | 2 | |
| Arcane Sanctum | 1 | |
82 total
» build order
00:09 Altar of Kings
00:23 Farm
00:59 Lumber Mill
01:28 Scout Tower
01:35 Farm
01:56 Arcane Tower
01:56 Arcane Tower
02:05 Farm
02:40 Keep
02:46 Scout Tower
02:47 Scout Tower
03:26 Blacksmith
03:28 Guard Tower
03:33 Scout Tower
03:34 Scout Tower
04:20 Guard Tower
04:33 Farm
04:34 Farm
04:36 Farm
04:39 Scout Tower
04:40 Scout Tower
04:41 Scout Tower
04:44 Guard Tower
04:54 Arcane Vault
05:58 Castle
06:01 Guard Tower
06:27 Guard Tower
06:36 Gryphon Aviary
06:50 Gryphon Aviary
07:07 Guard Tower
07:17 Farm
07:18 Farm
07:19 Farm
08:01 Scout Tower
08:03 Scout Tower
08:42 Guard Tower
08:52 Town Hall
09:13 Town Hall
09:19 Guard Tower
09:23 Farm
09:25 Farm
09:26 Farm
14:43 Arcane Sanctum
15:46 Scout Tower
15:48 Scout Tower
15:49 Scout Tower
15:50 Scout Tower
16:27 Scout Tower
16:27 Scout Tower
16:28 Scout Tower
16:29 Scout Tower
16:30 Scout Tower
16:51 Guard Tower
16:55 Guard Tower
17:40 Guard Tower
17:40 Guard Tower
18:24 Scout Tower
18:24 Scout Tower
18:24 Scout Tower
19:08 Guard Tower
19:27 Guard Tower
19:52 Scout Tower
19:52 Scout Tower
19:53 Scout Tower
19:53 Scout Tower
19:54 Scout Tower
19:54 Scout Tower
20:03 Scout Tower
20:03 Scout Tower
20:25 Guard Tower
20:25 Guard Tower
20:27 Scout Tower
20:28 Scout Tower
20:28 Scout Tower
21:10 Guard Tower
21:10 Guard Tower
41:50 Guard Tower
42:44 Keep
46:29 Castle
» items
| Staff of Teleportation | 1 | |
| Potion of Lesser Invulnerability | 1 | |
| Scroll of Regeneration | 3 | |
| Lesser Clarity Potion | 1 | |
| Scroll of Town Portal | 3 | |
| Staff of Sanctuary | 1 | |
10 total
team 2 (loser)
Riddle_of_Steel (
teal | 23 APM | 987 actions | 42:03)
4 Mountain King
2 Storm Bolt
2 Bash
4 Paladin
1 Divine Shield
1 Holy Light
2 Devotion Aura
» actions
| Basic commands | 39 | |
| Build / train | 106 | |
| Enter build submenu | 39 | |
| Enter hero's abilities submenu | 8 | |
| Right click | 328 | |
| Select / deselect | 396 | |
| Use ability | 71 | |
987 total
» units
| Peasant | 16 | |
| Footman | 4 | |
| Razormane Medicine Man | 1 | |
| Mortar Team | 14 | |
| Siege Engine | 30 | |
65 total
» upgrades
| Masonry | 3 | |
| Gunpowder | 3 | |
| Lumber Harvesting | 2 | |
| Flare | 1 | |
| Armor | 1 | |
| Fragmentation Shards | 1 | |
| Barrage | 1 | |
| Plating | 3 | |
15 total
» buildings
| Lumber Mill | 1 | |
| Altar of Kings | 2 | |
| Farm | 13 | |
| Barracks | 1 | |
| Arcane Vault | 1 | |
| Town Hall | 2 | |
| Scout Tower | 11 | |
| Arcane Tower | 1 | |
| Guard Tower | 4 | |
| Keep | 1 | |
| Blacksmith | 1 | |
| Workshop | 6 | |
| Castle | 1 | |
45 total
» build order
00:23 Lumber Mill
01:07 Altar of Kings
01:22 Farm
01:39 Barracks
02:02 Farm
02:09 Arcane Vault
02:42 Farm
03:23 Farm
04:17 Farm
04:51 Town Hall
04:55 Scout Tower
04:57 Scout Tower
05:00 Scout Tower
05:03 Scout Tower
05:06 Scout Tower
05:29 Arcane Tower
05:33 Guard Tower
05:37 Guard Tower
05:38 Guard Tower
05:48 Scout Tower
05:51 Scout Tower
05:57 Farm
06:41 Farm
07:18 Guard Tower
08:48 Keep
08:51 Blacksmith
09:40 Farm
10:07 Farm
10:21 Farm
11:39 Workshop
11:43 Workshop
13:27 Farm
13:29 Farm
14:19 Workshop
14:22 Farm
14:23 Castle
32:57 Altar of Kings
33:00 Workshop
33:03 Workshop
33:08 Workshop
39:03 Town Hall
39:46 Scout Tower
39:49 Scout Tower
39:52 Scout Tower
39:53 Scout Tower
» items
| Scroll of Regeneration | 1 | |
| Scroll of Town Portal | 3 | |
| Scroll of Speed | 1 | |
| Scroll of Protection | 1 | |
| Scroll of Healing | 1 | |
| Orb of Fire | 1 | |
| Potion of Healing | 1 | |
9 total

»
Cadav3r. (
green | 34 APM | 1644 actions | 49:03)
7 Tauren Chieftain
3 Endurance Aura
3 War Stomp
1 Reincarnation
4 Shadow Hunter
2 Healing Wave
2 Hex
» actions
| Assign group hotkey | 26 | |
| Basic commands | 7 | |
| Build / train | 81 | |
| Enter build submenu | 31 | |
| Enter hero's abilities submenu | 11 | |
| Give item / drop item | 2 | |
| Right click | 532 | |
| Select / deselect | 374 | |
| Select group hotkey | 493 | |
| Use ability | 87 | |
1644 total
» units
| Peon | 16 | |
| Troll Headhunter/Berserker | 13 | |
| Troll Witch Doctor | 5 | |
| Shaman | 4 | |
| Demolisher | 4 | |
42 total
» upgrades
| Ranged Weapons | 3 | |
| Witch Doctor Training | 2 | |
| Shaman Training | 2 | |
| Reinforced Defenses | 1 | |
| Berserker Upgrade | 1 | |
| Spiked Barricades | 1 | |
| Armor | 2 | |
| Burning Oil | 1 | |
13 total
» buildings
| Altar of Storms | 1 | |
| Orc Burrow | 8 | |
| War Mill | 1 | |
| Barracks | 3 | |
| Voodoo Lounge | 1 | |
| Stronghold | 1 | |
| Watch Tower | 11 | |
| Fortress | 1 | |
| Great Hall | 3 | |
| Spirit Lodge | 2 | |
32 total
» build order
00:10 Altar of Storms
00:16 Orc Burrow
00:58 War Mill
01:11 Barracks
01:16 Barracks
01:41 Orc Burrow
02:00 Voodoo Lounge
03:46 Stronghold
04:13 Orc Burrow
04:48 Watch Tower
06:08 Fortress
06:37 Great Hall
07:01 Spirit Lodge
07:07 Spirit Lodge
07:53 Orc Burrow
07:58 Watch Tower
09:11 Barracks
09:49 Watch Tower
09:52 Watch Tower
11:49 Watch Tower
13:08 Orc Burrow
14:31 Orc Burrow
14:35 Watch Tower
15:15 Orc Burrow
15:19 Watch Tower
18:45 Orc Burrow
19:19 Watch Tower
20:09 Watch Tower
20:55 Great Hall
21:29 Watch Tower
22:34 Great Hall
23:40 Watch Tower
» items
| Healing Salve | 2 | |
| Boots of Speed | 1 | |
| Orb of Lightning | 1 | |
| Lesser Clarity Potion | 1 | |
| Scroll of Town Portal | 1 | |
6 total

»
AlfredMazur (
yellow | 34 APM | 1185 actions | 34:54)
6 Blood Mage
3 Flame Strike
2 Siphon Mana
1 Summon Phoenix
» actions
| Assign group hotkey | 29 | |
| Basic commands | 79 | |
| Build / train | 112 | |
| ESC pressed | 1 | |
| Enter build submenu | 31 | |
| Enter hero's abilities submenu | 6 | |
| Remove unit from queue | 2 | |
| Right click | 173 | |
| Select / deselect | 427 | |
| Select group hotkey | 268 | |
| Use ability | 57 | |
1185 total
» units
| Peasant | 25 | |
| Footman | 17 | |
| Gryphon Rider | 30 | |
| Mortar Team | 3 | |
75 total
» upgrades
| Swords | 3 | |
| Plating | 0 | |
| Lumber Harvesting | 2 | |
| Armor | 3 | |
| Storm Hammers | 1 | |
| Fragmentation Shards | 1 | |
10 total
» buildings
| Altar of Kings | 1 | |
| Farm | 13 | |
| Barracks | 1 | |
| Lumber Mill | 1 | |
| Blacksmith | 1 | |
| Town Hall | 4 | |
| Scout Tower | 6 | |
| Keep | 3 | |
| Arcane Vault | 2 | |
| Castle | 2 | |
| Gryphon Aviary | 2 | |
| Guard Tower | 1 | |
| Workshop | 2 | |
39 total
» build order
00:07 Altar of Kings
00:12 Farm
00:33 Barracks
01:01 Farm
01:14 Lumber Mill
01:50 Farm
02:38 Farm
03:20 Farm
04:26 Farm
05:14 Blacksmith
05:30 Town Hall
05:40 Scout Tower
05:43 Scout Tower
06:09 Keep
06:09 Keep
06:20 Arcane Vault
08:32 Castle
08:32 Castle
08:44 Gryphon Aviary
08:48 Gryphon Aviary
09:33 Farm
09:39 Arcane Vault
10:16 Farm
11:53 Guard Tower
12:03 Farm
12:57 Farm
13:43 Farm
14:42 Farm
15:35 Town Hall
15:51 Farm
18:28 Scout Tower
18:29 Scout Tower
18:30 Scout Tower
18:31 Scout Tower
23:27 Town Hall
27:13 Workshop
27:16 Workshop
32:21 Town Hall
» items
| Ivory Tower | 6 | |
| Scroll of Town Portal | 3 | |
| Potion of Healing | 1 | |
10 total
KingCrimson (
orange | 56 APM | 2852 actions | 51:09)
7 Blademaster
3 Wind Walk
3 Critical Strike
1 Bladestorm
» actions
| Assign group hotkey | 91 | |
| Basic commands | 326 | |
| Build / train | 87 | |
| Enter build submenu | 40 | |
| Enter hero's abilities submenu | 7 | |
| Give item / drop item | 13 | |
| Remove unit from queue | 5 | |
| Right click | 933 | |
| Select / deselect | 411 | |
| Select group hotkey | 842 | |
| Use ability | 97 | |
2852 total
» units
» upgrades
| Ranged Weapons | 3 | |
| Armor | 3 | |
| Reinforced Defenses | 1 | |
| Envenomed Spears | 1 | |
8 total
» buildings
| Orc Burrow | 8 | |
| Altar of Storms | 2 | |
| Barracks | 1 | |
| Voodoo Lounge | 2 | |
| Stronghold | 1 | |
| War Mill | 1 | |
| Great Hall | 5 | |
| Watch Tower | 17 | |
| Beastiary | 6 | |
| Fortress | 1 | |
44 total
» build order
00:25 Orc Burrow
00:31 Altar of Storms
00:33 Altar of Storms
01:00 Barracks
01:23 Orc Burrow
02:06 Voodoo Lounge
03:11 Stronghold
04:01 Orc Burrow
05:20 War Mill
06:42 Great Hall
06:51 Watch Tower
06:51 Watch Tower
06:53 Watch Tower
06:54 Watch Tower
08:12 Beastiary
08:12 Beastiary
09:08 Orc Burrow
09:12 Watch Tower
09:12 Watch Tower
10:08 Fortress
10:18 Beastiary
14:14 Watch Tower
15:46 Orc Burrow
15:48 Orc Burrow
17:49 Great Hall
18:59 Watch Tower
18:59 Watch Tower
19:00 Watch Tower
19:00 Watch Tower
19:44 Orc Burrow
19:46 Orc Burrow
20:03 Watch Tower
20:03 Watch Tower
20:05 Watch Tower
20:06 Watch Tower
20:07 Watch Tower
20:08 Watch Tower
26:47 Beastiary
26:47 Beastiary
26:48 Beastiary
28:19 Great Hall
36:18 Voodoo Lounge
40:19 Great Hall
41:40 Great Hall
» items
| Circlet of Nobility | 2 | |
| Boots of Speed | 1 | |
| Healing Salve | 5 | |
| Scroll of Town Portal | 3 | |
| Potion of Healing | 1 | |
| Potion of Mana | 1 | |
| Lesser Clarity Potion | 1 | |
| Orb of Lightning | 1 | |
| Staff of Teleportation | 2 | |
| Tiny Great Hall | 3 | |
20 total
Chat log
(00:59 / Allies) Riddle_of_Steel: u guys gonna expo quickly?
(01:19 / Allies) Riddle_of_Steel: if so ill take middle if u can back me up
(01:22 / Allies) AlfredMazur: of course
(01:32 / Allies) Riddle_of_Steel: yours
(01:56 / Allies) Riddle_of_Steel: yellow wat hero u got?
(02:04 / Allies) AlfredMazur: blood mage
(07:09 / Allies) KingCrimson: tp?
(07:14 / Allies) AlfredMazur: yeaaa
(09:09 / Allies) Riddle_of_Steel: units?
(09:12 / Allies) AlfredMazur: air
(09:14 / Allies) Cadav3r.: casters
(09:26 / Allies) Riddle_of_Steel: morts tanks then
(09:47 / Allies) KingCrimson: wood
(11:12 / Allies) AlfredMazur: tp?
(11:24 / Allies) Riddle_of_Steel: ytes
(11:24 / Allies) Cadav3r.: i got nothin
(11:28 / Allies) Riddle_of_Steel: nvm
(12:17 / Allies) Riddle_of_Steel: tp here
(16:24 / Allies) AlfredMazur: go morts ^^
(16:54 / Allies) Riddle_of_Steel: i aimed hall lol
(17:20 / Allies) AlfredMazur: gj guys
(18:10 / Allies) KingCrimson: wood
(18:28 / Allies) Riddle_of_Steel: that was really easy once i took out main
(19:51 / Allies) KingCrimson: wood
(21:09 / All) AlfredMazur: u rly think i care red we won this 10 min ago
(23:06 / All) x9O5-AnOn: noob red
(23:10 / All) HELPURDEAD: lol go oj
(25:39 / Allies) Cadav3r.: teal yello
(25:41 / All) idiot.noob.: zero gold
(25:44 / Allies) Cadav3r.: can u end this plz
(26:11 / Allies) AlfredMazur: np dude
(26:17 / Allies) Cadav3r.: thx
(26:57 / Allies) Cadav3r.: just send tanks to red plz
(27:06 / Allies) Cadav3r.: yello
(27:25 / Allies) AlfredMazur: meet
(27:34 / Allies) Cadav3r.: hes got nothin
(27:37 / Allies) Cadav3r.: just charge
(27:41 / Allies) Cadav3r.: oh well
(27:49 / Allies) Cadav3r.: he does have a billion towers
(28:02 / Allies) Cadav3r.: well
(28:03 / Allies) KingCrimson: gold please
(28:06 / Allies) Cadav3r.: im goin go jerk off
(28:09 / Allies) Cadav3r.: enjoy
(28:27 / Allies) KingCrimson: gold me yellow
(30:19 / Allies) Riddle_of_Steel: is someone giving him gold?
(30:30 / Allies) AlfredMazur: hes done pretty much
(30:41 / Allies) Riddle_of_Steel: hes killing us dumbass'
(30:43 / Allies) KingCrimson: gold me yellow
(30:55 / Allies) KingCrimson: thanks
(30:59 / Allies) AlfredMazur: yep
(31:14 / Allies) Riddle_of_Steel: yellow damn ur stupid
(31:21 / Allies) AlfredMazur: ?
(31:30 / Allies) Riddle_of_Steel: hes been killing us
(31:33 / Allies) AlfredMazur: w/e dude we won
(31:36 / All) idiot.noob.: back off griffs
(31:37 / Allies) AlfredMazur: yea thats fine
(31:41 / Allies) AlfredMazur: idc about our halls
(31:49 / Allies) AlfredMazur: hes base is toast i dont even need gold anymore
(31:52 / Allies) AlfredMazur: are u fucking 3
(31:58 / Allies) AlfredMazur: we wont this like 10 min ago
(32:13 / Allies) AlfredMazur: unless his 3units can take out the rest of our entire bases we have nothing to wry about
(32:17 / Allies) AlfredMazur: got fuck yourself
(33:04 / Allies) AlfredMazur: gold me oj
(33:20 / Allies) Riddle_of_Steel: yellow ur a fucking retard
(33:25 / Allies) AlfredMazur: lmao
(33:44 / Allies) AlfredMazur: sure respond now when u had nothing to say ealier cause u cant think
(34:13 / Allies) Riddle_of_Steel: now this is gonna take forever
(34:21 / Allies) AlfredMazur: well oj is retarded
(34:27 / Allies) AlfredMazur: he seems to want to kill us
(34:31 / Allies) Riddle_of_Steel: and u was giving him money
(34:41 / Allies) AlfredMazur: *sigh*
(34:49 / Allies) AlfredMazur: cant find a normal game nowadays
(34:53 / Allies) Riddle_of_Steel: yeah whos the damn dumbass
(35:03 / All) idiot.noob.: raped
(35:05 / All) idiot.noob.: i owned u 1v4
(35:07 / All) idiot.noob.: u guys suck
(35:08 / All) idiot.noob.: noobs
(35:10 / All) idiot.noob.: i am pro
(36:10 / All) KingCrimson: lawl
(36:12 / All) idiot.noob.: moron lol
(36:26 / All) KingCrimson: you took my tp staff
(36:36 / All) KingCrimson: I'd like it back
(36:50 / All) idiot.noob.: im not kodos purple but i am a friend of his, he much better than me but im an experienced 4v4rter player so his orange
(37:00 / All) idiot.noob.: wehre is hall ho
(37:08 / All) HELPURDEAD: dood i knew u werent kodos
(37:13 / All) KingCrimson: my base
(37:17 / All) HELPURDEAD: when u didnt know anout washing boats.
(37:24 / All) HELPURDEAD: xp
(37:26 / All) idiot.noob.: does he know u
(37:31 / All) HELPURDEAD: kodos knows my friend pit
(37:36 / All) KingCrimson: wait
(37:38 / All) KingCrimson: I'll give you another
(37:43 / All) HELPURDEAD: i played with him like 2 years ago cP
(38:31 / All) KingCrimson: teal tell them how much gold you have
(39:29 / All) idiot.noob.: this was goosu game
(39:34 / All) idiot.noob.: u guys really are morons
(39:35 / All) idiot.noob.: u know that
(39:36 / All) idiot.noob.: green
(39:38 / All) idiot.noob.: and yellow
(39:43 / All) idiot.noob.: all u had to do was kill off orange
(39:44 / All) idiot.noob.: and gg
(39:48 / All) idiot.noob.: did u not see him killing ur shi
(39:50 / All) idiot.noob.: t
(39:57 / All) HELPURDEAD: all teals tanks
(40:04 / All) HELPURDEAD: was beautiful
(40:26 / All) idiot.noob.: purple saw that and we were behind all my farms and towers
(40:28 / All) idiot.noob.: how could u not
(40:32 / All) Riddle_of_Steel: yellow was giving him gold
(40:36 / All) KingCrimson: lol
(40:37 / All) idiot.noob.: lol
(40:40 / All) KingCrimson: as I was killing teal
(40:42 / All) idiot.noob.: i cant defend yellow there u got me
(41:02 / All) KingCrimson: Teal was telling I was killing him but he thought "he" meant you
(41:04 / All) Riddle_of_Steel: asnd fuck u oj ima get ur cd key banned bitch
(41:12 / All) KingCrimson: lol
(41:12 / All) idiot.noob.: lawl
(41:17 / All) idiot.noob.: i have tos ee chat
(41:19 / All) KingCrimson: I'm gonna send you this replay
(41:23 / All) KingCrimson: yes it's awesome
(41:26 / All) idiot.noob.: i would be so pissed
(41:31 / All) KingCrimson: the dialogue between teal and yellow
(41:39 / All) idiot.noob.: is ur chat erection worthy? I bet it is
(41:43 / All) KingCrimson: yes
(41:44 / All) Riddle_of_Steel: ur must be butt buddies
(41:58 / All) Riddle_of_Steel: fucking no skill fags
(42:02 / All) KingCrimson: Only closer game was one I had with obi
(42:08 / All) KingCrimson: I was raping my team but htey found his last farm
(42:10 / All) KingCrimson: wit htaht kotg
(42:17 / All) KingCrimson: and dragons from the middle roost
(42:18 / All) KingCrimson: you saw it
(42:22 / All) KingCrimson: Years ago
(42:27 / All) idiot.noob.: i think, 2007
(42:28 / All) idiot.noob.: ?
(42:33 / All) KingCrimson: around that time
(42:38 / All) idiot.noob.: dragonfalls right
(42:42 / All) KingCrimson: all I had was dragon roost dragons
(42:47 / All) KingCrimson: the snow map
(42:52 / All) HELPURDEAD: lol and i just stayed cause he brought up kodos_forsaken xP thanks oj
(44:25 / All) idiot.noob.: is green willing ti stay
(44:27 / All) idiot.noob.: ?
(44:31 / All) KingCrimson: teal had 5k there abouts
(44:33 / All) KingCrimson: 4800
(44:36 / All) KingCrimson: and like 100 food
(44:44 / All) KingCrimson: wasn't looking good
(44:53 / All) idiot.noob.: all ur team had to do was kill ur wyverns jesus christ, wyerverns die so quickly
(44:55 / All) KingCrimson: I was at about 800 gold
(45:08 / All) KingCrimson: then yellow gave me 800 gold
(45:10 / All) idiot.noob.: get tavern hero
(45:11 / All) idiot.noob.: purpl
(45:21 / All) idiot.noob.: go to tavern select a hero ill let u control it
(45:32 / All) HELPURDEAD: lol
(45:34 / All) idiot.noob.: nice
(45:36 / All) HELPURDEAD: aight
(45:38 / All) idiot.noob.: wtf was yellow thinking
(45:43 / All) KingCrimson: no point in killing the aviaries
(45:47 / All) KingCrimson: they don't have castle or shop
(45:52 / All) idiot.noob.: u hush
(46:00 / All) idiot.noob.: what hero purp
(46:03 / All) HELPURDEAD: panda
(46:07 / All) idiot.noob.: im not even paying attention to my mk im just chatting
(46:19 / All) idiot.noob.: take priests with u
(46:39 / All) KingCrimson: green has 2 food worht of units
(46:42 / All) KingCrimson: but I don't see where
(46:42 / All) idiot.noob.: purp is using my panda to help u kills hit
(46:45 / All) idiot.noob.: cant find them?
(46:53 / All) idiot.noob.: find greens 2 food, purple
(47:18 / All) HELPURDEAD: its prob in borrows
(47:22 / All) KingCrimson: no burrows
(47:35 / All) idiot.noob.: this is definitely going to be posted on gfaqs and highperch
(48:06 / All) idiot.noob.: buy items ho
(48:31 / All) KingCrimson: witch doctor by top tavern
(48:36 / All) idiot.noob.: u dont talk to kodos anymore? I talk to him vaguely
(48:38 / All) KingCrimson: really hard to see on the mini map
(48:38 / All) idiot.noob.: oh i see
(49:06 / All) KingCrimson: lawl
(49:17 / All) idiot.noob.: purple
(49:20 / All) HELPURDEAD: ?
(49:20 / All) idiot.noob.: ill make a deal with u
(49:25 / All) idiot.noob.: its gonna require trust on ur part
(49:37 / All) HELPURDEAD: lolaight
(49:56 / All) idiot.noob.: me and orange want orange's team to lose but we kind of have a rule where we dont want anybody to get a win, excluding ourselve
(50:10 / All) idiot.noob.: so if u leave ur gonna get a tie, ill whisper you to confirm this
(50:20 / All) HELPURDEAD: hahahaha aight
(50:24 / All) idiot.noob.: its gonna be like u never played this game
(50:27 / All) idiot.noob.: ill whisp;er u after
(50:31 / All) idiot.noob.: ull stay same record
(50:35 / All) idiot.noob.: save this shit turncoat
(50:40 / All) KingCrimson: I will
(50:52 / All) HELPURDEAD: dood this acct is 5 years old idgive a fuck about record
(50:57 / All) HELPURDEAD: this was hilarious
(50:57 / All) idiot.noob.: lawl
(51:00 / All) HELPURDEAD: worth staying
(51:02 / All) HELPURDEAD: gg
(51:07 / All) KingCrimson: Gg